AoeStats
← lyonnais--86

Arena

510547626Analyzed
4v4 RM · 9h ago on Oct 1, 2026· 52m 32s· 8 players
Game mode
Random Map
Map size
Large (8 player)
Population
200
Speed
Normal
Resources
Standard
Victory
Conquest
Starting age
Dark Age
Ending age
Imperial Age
RankedLock teamsTeams togetherTeam positionsShared explorationLock speedFull tech treeHidden civsTurbo modeCheats
Victory
Defeat
🇹🇼 Huns · Taiwan
1031
+14
🇨🇳 Italians · China
1017
+14
🇨🇳 Spanish · China
992
+15
🇦🇷 Khmer · Argentina
934
+18
🇨🇳 Mongols · China
1348
-27
🇫🇷 Britons · France
959
-15
🇫🇷 Bohemians · France
940
-14
🇨🇳 Portuguese · China
667
-5
XGFC
10:19 Feudal Age
13:53 Castle Age
12:38 Double-Bit Axe
12:46 Loom
13:11 Horse Collar
13:53 Padded Archer Armor
13:55 Town Watch
22:24 Leather Archer Armor
23:52 Fletching
29:24 Imperial Age
27:56 Bodkin Arrow
28:27 Husbandry
28:37 Bloodlines
31:29 Ring Archer Armor
32:01 Conscription
32:35 Bow Saw
33:27 Wheelbarrow
37:26 Stone Mining
37:27 Gold Mining
39:13 Hand Cart
39:19 Bracer
40:46 Scale Barding Armor
43:30 Town Patrol
45:42 Stone Shaft Mining
50:03 Chain Barding Armor
jerry80tim
10:29 Feudal Age
12:08 Loom
15:25 Castle Age
13:48 Double-Bit Axe
15:22 Horse Collar
16:33 Bow Saw
20:43 Wheelbarrow
23:44 Gold Mining
27:01 Scale Barding Armor
26:47 Fletching
27:04 Scale Barding Armor
27:11 Forging
27:19 Stone Mining
30:25 Imperial Age
28:38 Bloodlines
29:08 Hand Cart
30:34 Husbandry
30:32 Bodkin Arrow
33:37 Gold Shaft Mining
33:31 Conscription
32:33 Elite Tarkan
34:26 Bracer
34:47 Chain Barding Armor
34:54 Marauders
35:03 Town Watch
35:56 Iron Casting
37:15 Plate Barding Armor
40:13 Blast Furnace
39:14 Padded Archer Armor
39:15 Scale Mail Armor
40:19 Atheism
41:08 Thumb Ring
42:36 Leather Archer Armor
42:37 Chain Mail Armor
43:34 Two-Man Saw
42:36 Heavy Plow
44:50 Heavy Cavalry Archer
45:55 Parthian Tactics
46:03 Parthian Tactics
49:08 Ballistics
49:01 Masonry
50:34 Caravan
52:28 Light Cavalry
3232984158
10:41 Feudal Age
11:27 Loom
12:15 Double-Bit Axe
12:16 Horse Collar
14:50 Castle Age
16:05 Treadmill Crane
20:32 Gold Mining
21:35 Wheelbarrow
23:17 Bow Saw
30:16 Imperial Age
28:25 Stone Mining
28:49 Heavy Plow
30:58 Ballistics
30:19 Treadmill Crane
30:50 Masonry
32:04 Chemistry
31:19 Town Watch
32:18 Hand Cart
33:06 Padded Archer Armor
34:09 Leather Archer Armor
35:59 Conscription
36:01 Fletching
36:41 Ring Archer Armor
37:24 Squires
37:10 Arson
38:13 Pirotechnia
39:28 Thumb Ring
41:27 Forging
41:17 Scale Mail Armor
43:15 Iron Casting
44:58 Chain Mail Armor
46:57 Plate Mail Armor
47:27 Blast Furnace
46:34 Scale Barding Armor
47:13 Bloodlines
47:04 Husbandry
46:24 Cavalier
47:32 Caravan
48:03 Coinage
47:58 Silk Road
48:09 Light Cavalry
50:23 Chain Barding Armor
Saga
12:41 Feudal Age
10:56 Loom
16:12 Castle Age
13:59 Double-Bit Axe
13:55 Horse Collar
17:32 Wheelbarrow
17:52 Bow Saw
17:34 Town Watch
20:04 Heavy Plow
32:59 Imperial Age
31:59 Stone Mining
32:00 Gold Mining
33:24 Ballistics
33:16 Masonry
35:01 Chemistry
34:08 Siege Engineers
33:27 Heavy Scorpion
34:30 Conscription
33:46 Pikeman
34:32 Halberdier
38:03 Arson
40:00 Double Crossbow
42:06 Murder Holes
42:42 Architecture
42:24 Fortified Wall
lyonnais--86
11:01 Feudal Age
15:14 Castle Age
13:19 Double-Bit Axe
13:38 Horse Collar
14:23 Fletching
21:56 Bow Saw
26:13 Bodkin Arrow
32:23 Padded Archer Armor
34:05 Loom
35:48 Town Watch
39:29 Imperial Age
37:01 Gold Mining
41:56 Yeomen
41:57 Conscription
42:34 Wheelbarrow
42:29 Bracer
43:42 Leather Archer Armor
44:00 Pikeman
45:14 Scale Mail Armor
46:08 Squires
46:55 Gambesons
49:06 Elite Longbowman
53:15 Ring Archer Armor
razors-38i
10:33 Feudal Age
14:23 Castle Age
12:09 Double-Bit Axe
12:29 Horse Collar
18:48 Fervor
22:39 Wheelbarrow
24:23 Bow Saw
24:51 Heavy Plow
29:26 Imperial Age
29:24 Scale Mail Armor
29:34 Forging
29:16 Fletching
29:26 Padded Archer Armor
29:50 Hand Cart
31:19 Chemistry
30:26 Siege Engineers
29:45 Pikeman
30:26 Squires
30:52 Halberdier
31:41 Houfnice
33:30 Leather Archer Armor
32:57 Elite Skirmisher
35:07 Bodkin Arrow
35:42 Ring Archer Armor
35:49 Iron Casting
35:20 Scale Barding Armor
36:18 Bracer
36:34 Chain Mail Armor
38:59 Blast Furnace
39:17 Loom
40:37 Two-Man Saw
42:59 Plate Mail Armor
42:50 Chain Barding Armor
43:07 Ballistics
45:36 Murder Holes
45:53 Masonry
45:53 Fortified Wall
Warrior
11:23 Feudal Age
12:12 Double-Bit Axe
12:14 Horse Collar
15:24 Castle Age
14:58 Wheelbarrow
16:48 Bow Saw
18:48 Heavy Plow
21:07 Loom
25:07 Gold Mining
25:27 Town Watch
26:26 Town Patrol
30:05 Imperial Age
27:51 Hand Cart
28:45 Ballistics
28:21 Murder Holes
28:35 Scale Barding Armor
28:40 Forging
28:33 Stone Mining
29:02 Husbandry
30:22 Iron Casting
30:07 Chain Barding Armor
31:46 Bloodlines
33:07 Chemistry
32:15 Siege Engineers
33:12 Blast Furnace
31:38 Cavalier
33:33 Pikeman
34:28 Halberdier
37:57 Stone Shaft Mining
38:43 Two-Man Saw
38:15 Crop Rotation
37:50 Scale Mail Armor
38:10 Chain Barding Armor
40:54 Masonry
42:19 Chain Mail Armor
42:39 Plate Barding Armor
42:27 Conscription
只想搞事
11:17 Feudal Age
14:58 Castle Age
13:30 Double-Bit Axe
16:41 Horse Collar
21:56 Loom
31:58 Imperial Age
30:15 Fletching
32:15 Bodkin Arrow
32:22 Padded Archer Armor
38:23 Bracer
38:38 Leather Archer Armor
40:57 Heavy Cavalry Archer
42:55 Ballistics
Connection lost

Rejoining the realm…

Still unreachable

The connection could not be restored.

Session expired

The server has moved on; the page needs a fresh start.